 Dungeon Crawl Stone Soup version 0.14-a0-1837-g7fb8695 (webtiles) character file.

223 Jenx the Poker (level 4, 0/33 HPs)
             Began as a Merfolk Skald on Jan 10, 2014.
             Slain by an orc
             ... wielding a -1,+0 orcish dagger
              (4 damage)
             ... on Level 3 of the Dungeon.
             The game lasted 00:05:05 (2277 turns).

Jenx the Poker (Merfolk Skald)                      Turns: 2277, Time: 00:05:05

HP   0/33        AC  3     Str 12      XL: 4   Next: 65%
MP   7/7         EV 10     Int 12      God:
Gold 128         SH  0     Dex 13      Spells:  3 memorised,  1 level left

rFire  . . .     SeeInvis .     a - +0 spear
rCold  . . .     Clarity  .     b - +0 leather armour
rNeg   . . .     Conserve .     (no shield)
rPois  .         rCorr    .     (no helmet)
rElec  .         rRot     .     (no cloak)
SustAb . .       Spirit   .     (no gloves)
rMut   .         Warding  .     (no boots)
Saprov . . .     Stasis   .     (no amulet)
                                (no ring)
                                (no ring)

@: slightly resistant to hostile enchantments, very unstealthy
A: change form in water, swift swim
a: no special abilities


You were on level 3 of the Dungeon.
You were not hungry.

You visited 1 branch of the dungeon, and saw 3 of its levels.

You collected 128 gold pieces.

Inventory:

Hand weapons
 a - a +0,+0 spear (weapon)
 n - a cursed -3,-2 whip
Missiles
 i - a dart of dispersal
 s - 18 darts (quivered)
Armour
 b - a +0 leather armour (worn)
Comestibles
 d - 2 bread rations
 g - a chunk of giant cockroach flesh
 t - a rotting chunk of hobgoblin flesh
Scrolls
 e - 2 scrolls of remove curse {unknown}
 f - a scroll of blinking {unknown}
 h - a scroll of curse jewellery {unknown}
 l - 2 scrolls of teleportation {unknown}
 p - a scroll of random uselessness {unknown}
 q - a scroll of enchant armour {unknown}
Potions
 j - 2 potions of curing {unknown}
 k - a potion of restore abilities {unknown}
 m - a potion of agility {unknown}
Books
 c - a book of Battle

   Spells                             Type                      Level
   *Infusion                          Charms                       1
   *Shroud of Golubria                Charms/Translocation         2
   Song of Slaying                    Charms                       2
   *Spectral Weapon                   Hexes/Charms                 3
   Regeneration                       Charms/Necromancy            3


   Skills:
 - Level 2.1 Fighting
 * Level 6.8 Polearms
 - Level 0.6 Armour
 - Level 1.3 Dodging
 - Level 2.0 Spellcasting
 - Level 3.2 Charms


You had one spell level left.
You knew the following spells:

 Your Spells              Type           Power        Failure   Level  Hunger
a - Infusion              Chrm           #.....       10%         1    ##.....
b - Shroud of Golubria    Chrm/Tloc      #.........   21%         2    ###....
c - Spectral Weapon       Hex/Chrm       #.......     43%         3    ####...


Dungeon Overview and Level Annotations

Branches:
Dungeon (3/16)

Altars:


Message History

The orc is moderately wounded.
The orc closely misses you.
You barely miss the orc.
The orc is moderately wounded.
You hit the orc.
The orc is severely wounded.
The orc barely misses you.
You hit the orc but do no damage.
The orc is severely wounded.
The orc barely misses you.
You hit the orc.
The orc is severely wounded.
The orc hits you with an orcish dagger.
* * * LOW HITPOINT WARNING * * *
You closely miss the orc.
The orc is severely wounded.
You barely miss the orc.
The orc is severely wounded.
The orc hits you with an orcish dagger.
You die...

... #..... #....#
#....#
#####....######
...............
...............
................#
.......o@........
...#####)##.....%
#)# ... #.# # #.#
#.# ##########.#
#..........#
#.###....###


You could see an orc.

Vanquished Creatures
  3 adders (D:2)
  4 giant geckos
  5 orcs (D:3)
  A ball python (D:2)
  5 goblins
  9 hobgoblins
  10 kobolds
  A quokka (D:2)
  5 bats
  3 giant cockroaches
  2 giant newts (D:1)
  5 rats
53 creatures vanquished.

Notes
Turn   | Place    | Note
--------------------------------------------------------------
     0 | D:1      | Jenx, the Merfolk Skald, began the quest for the Orb.
     0 | D:1      | Reached XP level 1. HP: 16/16 MP: 3/3
   183 | D:1      | Reached skill level 4 in Polearms
   183 | D:1      | Reached XP level 2. HP: 6/22 MP: 4/4
   932 | D:2      | Reached skill level 5 in Polearms
   932 | D:2      | Reached XP level 3. HP: 27/27 MP: 6/6
  1571 | D:2      | Learned a level 2 spell: Shroud of Golubria
  1575 | D:2      | Learned a level 3 spell: Spectral Weapon
  1660 | D:2      | Reached skill level 6 in Polearms
  1660 | D:2      | Reached XP level 4. HP: 29/33 MP: 3/7
  2277 | D:3      | Slain by an orc

Action                   |  1- 3 |  4- 6 || total
-------------------------+-------+-------++-------
Melee: Spear             |   129 |    99 ||   228
Throw: Dart              |    11 |     4 ||    15
 Cast: Spectral Weapon   |     1 |       ||     1
       Shroud of Golubri |       |     1 ||     1
 Stab: Sleeping          |     1 |       ||     1
